 Dungeon Crawl Stone Soup version 0.17-a0-18-gc25b939 (webtiles) character file.

58505 BluebellGnoll the Shatterer (level 14, -1/150 HPs)
             Began as an Ogre Skald on Mar 11, 2015.
             Was a High Priest of Okawaru.
             Slain by a wolf (3 damage)
             ... on level 8 of the Lair of Beasts on Mar 12, 2015.
             The game lasted 03:31:12 (35071 turns).

BluebellGnoll the Shatterer (Ogre Skald)           Turns: 35071, Time: 03:31:13

Health: -1/150     AC:  7    Str: 20    XL:     14   Next: 90%
Magic:  30/30      EV:  1    Int: 19    God:    Okawaru [*****.]
Gold:   2248       SH:  0    Dex: 14    Spells: 6 memorised, 5 levels left

rFire  + + .     SeeInvis .     G - +2 flail (drain)
rCold  + . .     Clarity  .     R - +2 robe {rC+ rF+}
rNeg   + + +     SustAb   .     (shield restricted)
rPois  ∞         Gourm    .     D - +0 hat of Throf {rF+ rCorr MP+9 Int+4}
rElec  .         Spirit   .     e - +1 cloak {MR+}
rCorr  +         Warding  .     (gloves unavailable)
rMut   .         Stasis   .     (boots unavailable)
MR     ++...                    (no amulet)
Stlth  ++........               J - ring of poison resistance
                                m - +5 ring of dexterity

@: petrified, very resistant to hostile enchantments, unstealthy
A: unfitting armour, tough skin 1
a: Heroism, Finesse, Renounce Religion


You were on level 8 of the Lair of Beasts.
You worshipped Okawaru.
Okawaru was extremely pleased with you.
You were not hungry.

You visited 4 branches of the dungeon, and saw 25 of its levels.
You also visited: Labyrinth, Ossuary and Volcano.

You collected 2640 gold pieces.
You spent 392 gold pieces at shops.

Inventory:

Hand weapons
 o - a +4 whip of electrocution
 G - a +2 flail of draining (weapon)
 L - a +0 blowgun
Missiles
 b - 3 poisoned tomahawks
 c - 27 tomahawks (quivered)
 j - a throwing net
 n - 429 stones
 s - 6 curare-tipped needles
 u - 7 large rocks
 N - 11 javelins
Armour
 e - a +1 cloak of magic resistance (worn)
 C - the +1 robe of the Kangaroo {rC+ Regen+ Str-2 Int+3}
   (You found it on level 12 of the Dungeon)

   It affects your strength (-2).
   It affects your intelligence (+3).
   It protects you from cold.
   It increases your rate of regeneration.
 D - the +0 hat of Throf (worn) {rF+ rCorr MP+9 Int+4}
   (Okawaru gifted it to you on level 6 of the Lair of Beasts)

   It affects your intelligence (+4).
   It protects you from fire.
   It affects your magic capacity (+9).
   It protects you from acid and corrosion.
 R - a +2 robe of resistance (worn)
Rods
 z - a +3 rod of inaccuracy (12/12)
   (You found it in a labyrinth)
Jewellery
 f - an uncursed amulet of clarity {unknown}
 m - a +5 ring of dexterity (left hand)
 B - an uncursed ring of see invisible
 J - a ring of poison resistance (right hand)
 S - an uncursed ring of magical power
 U - an uncursed ring of protection from cold
 V - an uncursed ring of protection from fire
Magical devices
 r - a wand of digging (9)
 P - a wand of confusion (8)
 Q - a wand of fire (3)
 X - a wand of lightning (0)
Scrolls
 h - 11 scrolls of teleportation
 v - a scroll of immolation
 y - 16 scrolls of remove curse
 F - a scroll of blinking
 K - 3 scrolls of magic mapping
 O - a scroll of fog
 Z - a scroll of summoning
Potions
 g - 6 potions of brilliance
 i - a potion of heal wounds
 k - 3 potions of agility
 l - 6 potions of curing
 p - a potion of berserk rage
 t - 3 potions of flight
 x - 2 potions of cancellation
 H - a potion of might
 M - 2 potions of ambrosia
 W - 2 potions of resistance
Miscellaneous
 Y - a sack of spiders
Comestibles
 a - 2 poisonous chunks of flesh
 d - 10 meat rations
 q - 4 chunks of flesh
 I - 9 bread rations


   Skills:
 - Level 12.4 Fighting
 - Level 23.9 Maces & Flails
 - Level 11.3 Throwing
 - Level 0.7 Armour
 + Level 10.7 Dodging
 - Level 2.4 Spellcasting
 - Level 2.1 Charms


You had 5 spell levels left.
You knew the following spells:

 Your Spells              Type           Power        Failure   Level  Hunger
a - Infusion              Chrm           ##....       10%         1    #......
b - Shroud of Golubria    Chrm/Tloc      #.........   17%         2    ##.....
c - Song of Slaying       Chrm           ##......     12%         2    ##.....
e - Spectral Weapon       Hex/Chrm       #.......     34%         3    ###....
r - Regeneration          Chrm/Necr      #.........   34%         3    ###....
z - Apportation           Tloc           #.........   17%         1    #......


Dungeon Overview and Level Annotations

Branches:
Dungeon (12/15)            Temple (1/1) D:7            Lair (8/8) D:8
  Swamp (0/5) Lair:5        Snake (0/5) Lair:6        Slime (0/6) Lair:7
    Orc (4/4) D:9             Elf (0/3) Orc:4

Altars:
Ashenzari
Cheibriados
Dithmenos
Elyvilon
Fedhas
Gozag
Kikubaaqudgha
Makhleb
Nemelex Xobeh
Okawaru
Qazlal
Ru
Sif Muna
Trog
Vehumet
Xom
Yredelemnul
Zin
The Shining One
Beogh
Jiyva

Shops:
D:5 (   Orc:4 =*(*


Innate Abilities, Weirdness & Mutations

You are too large for most types of armour.
You have tough skin (AC +1).


Message History

The giant frog hits you but does no damage.
The spiny frog stings you.
* * * LOW HITPOINT WARNING * * *
The wolf bites you!
* * * LOW HITPOINT WARNING * * *
A wolf comes into view.
The wolf moves out of view.
The wolf bites you but does no damage. The giant frog hits you!
* * * LOW HITPOINT WARNING * * *
The giant frog hits you!
* * * LOW HITPOINT WARNING * * *
The wolf bites you but does no damage. The wolf bites you!
* * * LOW HITPOINT WARNING * * *
The spiny frog stings you!
* * * LOW HITPOINT WARNING * * *
The wolf bites you but does no damage. The giant frog completely misses you.
The giant frog hits you but does no damage.
A polar bear comes into view.
The wolf bites you!
You die...

## ## ...## ..##
....####...#
##....#....#
#.#........#.
...##....h.h....h
.PP....F@hh.#
..P....FFh###
.......F..#
P........P#
P.#........
#.........#
#........#
......... ...


You could see a polar bear (wandering), 2 spiny frogs, 5 wolves and 2 giant
frogs.

Vanquished Creatures
  The ghost of Ngotmuk the Fencer, a powerful HuFi of Okawaru (Orc:4)
  A minotaur (Lab)
  6 hydras
  A naga warrior (Lair:6)
  3 centaur warriors
  Nessos (D:12)
  3 orc high priests
  A fire crab (Lair:7)
  3 hill giants
  4 orc knights
  An ugly thing (D:12)
  An orc sorcerer (Orc:2)
  2 griffons
  A manticore (Volcano)
  Maurice (D:12)
  11 spiny frogs
  Psyche (D:9)
  2 gargoyles (D:10)
  14 komodo dragons
  8 fire drakes
  2 kobold demonologists (D:12)
  2 trolls
  11 blink frogs
  2 two-headed ogres
  A basilisk (Lair:3)
  A water elemental (D:11)
  24 yaks
  A deep elf mage (D:11)
  2 wyverns (Lair:8)
  10 fire bats (Volcano)
  A vampire mosquito (Lair:8)
  Eustachio (D:8)
  4 hungry ghosts
  A mottled dragon (Volcano)
  6 hippogriffs
  4 wargs
  Menkaure (D:6)
  5 nagas (Lair:6)
  13 wolves
  5 water moccasins
  3 sky beasts
  7 phantoms
  A necrophage (D:7)
  A hell hound (Volcano)
  3 ice beasts
  18 porcupines
  A black bear (D:11)
  16 centaurs
  38 orc warriors
  9 crocodiles
  18 ogres
  Duvessa (D:9)
  2 big kobolds
  Blork the orc (D:6)
  An elf zombie (Ossuary)
  23 giant frogs
  A wyvern skeleton (D:7)
  3 scorpions
  15 killer bees
  A water moccasin skeleton (D:12)
  9 wights
  4 crimson imps
  4 electric eels
  11 hounds
  2 lava snakes (Volcano)
  Dowan (D:9)
  3 centaur skeletons
  2 giant frog skeletons
  4 goliath beetles
  4 jellies
  Crazy Yiuf (D:4)
  31 orc priests
  2 quasits
  2 centaur zombies (Ossuary)
  10 iguanas
  39 orc wizards
  12 worker ants
  A killer bee zombie (D:6)
  12 sheep
  2 mummies (Ossuary)
  A worker ant zombie (D:8)
  2 hound skeletons
  16 gnolls
  16 adders
  26 river rats
  2 giant mites
  4 shadow imps
  4 adder zombies
  281 orcs
  2 ball pythons
  10 bats
  A bat skeleton (D:4)
  5 giant cockroaches
  18 goblins
  19 hobgoblins
  5 jackals
  13 quokkas
  4 giant geckos
  2 giant gecko skeletons
  2 giant newts (D:2)
  2 goblin zombies (Ossuary)
  4 hobgoblin zombies (Ossuary)
  19 kobolds
  14 kobold zombies (Ossuary)
  10 orc zombies (Ossuary)
  2 quokka skeletons
  17 rats
  A rat zombie (Ossuary)
  3 plants
987 creatures vanquished.

Vanquished Creatures (others)
  A plant (Lair:3)
1 creature vanquished.

Grand Total: 988 creatures vanquished

Notes
Turn   | Place    | Note
--------------------------------------------------------------
     0 | D:1      | BluebellGnoll, the Ogre Skald, began the quest for the Orb.
     0 | D:1      | Reached XP level 1. HP: 22/22 MP: 3/3
    29 | D:1      | Reached skill level 3 in Maces & Flails
   279 | D:1      | Reached XP level 2. HP: 29/29 MP: 1/5
   283 | D:1      | Learned a level 2 spell: Shroud of Golubria
   776 | D:2      | Reached skill level 4 in Maces & Flails
   851 | D:2      | You fall through a shaft!
  1230 | D:2      | Reached XP level 3. HP: 36/36 MP: 3/6
  1424 | D:3      | Learned a level 3 spell: Regeneration
  1472 | D:3      | Noticed an ogre
  1478 | D:3      | Killed an ogre
  1478 | D:3      | Reached skill level 6 in Maces & Flails
  1478 | D:3      | Reached XP level 4. HP: 31/44 MP: 1/8
  1701 | D:3      | Reached XP level 5. HP: 36/53 MP: 4/9
  1923 | D:3      | Found a shadowy altar of Dithmenos.
  1923 | D:3      | Found a shimmering altar of Xom.
  2034 | D:3      | Found an opulent altar of Gozag.
  2375 | D:3      | HP: 1/53 [orc priest/flail (2)]
  2376 | D:3      | Reached skill level 1 in Throwing
  2884 | D:3      | Reached skill level 7 in Maces & Flails
  3026 | D:4      | Reached XP level 6. HP: 49/62 MP: 7/11
  3031 | D:4      | Learned a level 3 spell: Spectral Weapon
  3111 | D:4      | HP: 1/63 [orc/flail (8)]
  3292 | D:4      | Found a sand-covered staircase.
  3301 | Ossuary  | Entered an ossuary
  4069 | Ossuary  | Reached XP level 7. HP: 38/71 MP: 8/12
  4073 | Ossuary  | Reached skill level 5 in Fighting
  4512 | D:4      | Got a smoking shield
  4526 | D:4      | Identified the cursed -1 shield "Foid" {Dex+4} (You took it off an orc on level 4 of the Dungeon)
  4893 | D:4      | Reached skill level 8 in Maces & Flails
  5472 | D:4      | Noticed a phantom
  5491 | D:4      | Killed a phantom
  5491 | D:4      | Reached XP level 8. HP: 73/83 MP: 14/14
  5583 | D:4      | Reached skill level 9 in Maces & Flails
  5731 | D:4      | Noticed Crazy Yiuf
  5736 | D:4      | Killed Crazy Yiuf
  5944 | D:4      | Noticed an ogre
  5948 | D:4      | Killed an ogre
  5948 | D:4      | Reached skill level 10 in Maces & Flails
  6061 | D:4      | Learned a level 2 spell: Song of Slaying
  6076 | D:5      | Entered Level 5 of the Dungeon
  6314 | D:5      | Reached skill level 11 in Maces & Flails
  6987 | D:4      | Reached skill level 12 in Maces & Flails
  7268 | D:4      | Reached XP level 9. HP: 57/89 MP: 12/15
  7567 | D:5      | Found Twuzuan's Weapon Emporium.
  7577 | D:5      | Bought 8 poisoned javelins for 192 gold pieces
  7651 | D:5      | Reached skill level 1 in Dodging
  7873 | D:6      | Noticed Menkaure
  7877 | D:6      | Killed Menkaure
  8170 | D:6      | Noticed Blork the orc
  8180 | D:6      | Killed Blork the orc
  8690 | D:6      | Reached skill level 5 in Dodging
  9378 | D:7      | Reached XP level 10. HP: 82/98 MP: 17/17
  9599 | D:7      | Found a staircase to the Ecumenical Temple.
  9606 | Temple   | Entered the Ecumenical Temple
  9765 | Temple   | Became a worshipper of Warmaster Okawaru
  9892 | D:7      | Found a burning altar of Makhleb.
  9894 | D:7      | Found a radiant altar of Vehumet.
 10111 | D:7      | Found a snail-covered altar of Cheibriados.
 10715 | D:8      | Found a staircase to the Lair.
 10828 | D:8      | Noticed Eustachio
 10872 | D:8      | Killed Eustachio
 11837 | D:8      | Acquired Okawaru's first power
 11938 | D:9      | Noticed Duvessa
 11951 | D:9      | Killed Duvessa
 11956 | D:9      | Noticed Dowan
 11956 | D:9      | Noticed Psyche
 11965 | D:9      | Killed Dowan
 11965 | D:9      | Reached skill level 10 in Fighting
 11970 | D:9      | Killed Psyche
 12633 | D:9      | Reached skill level 13 in Maces & Flails
 12726 | D:9      | Reached skill level 5 in Throwing
 12886 | D:9      | Reached XP level 11. HP: 103/119 MP: 18/18
 12995 | D:9      | Found a staircase to the Orcish Mines.
 13169 | D:9      | Found a basalt altar of Yredelemnul.
 13169 | D:9      | Found a sacrificial altar of Ru.
 13216 | Lair:1   | Entered Level 1 of the Lair of Beasts
 14016 | Lair:1   | Noticed a four-headed hydra
 14021 | Lair:1   | Killed a four-headed hydra
 14021 | Lair:1   | Reached skill level 14 in Maces & Flails
 14549 | D:10     | Entered Level 10 of the Dungeon
 15199 | D:10     | Noticed a centaur warrior
 15218 | D:10     | Killed a centaur warrior
 16216 | D:11     | Received a gift from Okawaru
 16397 | D:11     | Found an iron altar of Okawaru.
 16472 | D:11     | Noticed a centaur warrior
 16478 | D:11     | Killed a centaur warrior
 16478 | D:11     | Reached skill level 15 in Maces & Flails
 16478 | D:11     | Reached XP level 12. HP: 68/128 MP: 14/19
 16886 | D:11     | Noticed a hill giant
 16891 | D:11     | Killed a hill giant
 17431 | D:11     | Noticed an orc knight
 17443 | D:11     | Killed an orc knight
 17443 | D:11     | Reached skill level 16 in Maces & Flails
 17768 | Lair:1   | Acquired Okawaru's second power
 18182 | Lair:2   | Noticed a six-headed hydra
 18186 | Lair:2   | Killed a six-headed hydra
 18186 | Lair:2   | Reached skill level 17 in Maces & Flails
 18235 | Lair:2   | Received a gift from Okawaru
 19318 | Lair:3   | Found a shimmering altar of Xom.
 19817 | Lair:3   | Reached skill level 18 in Maces & Flails
 20068 | Lair:4   | Found a labyrinth entrance.
 20089 | Lab      | Entered a labyrinth
 20220 | Lab      | Noticed a minotaur
 20268 | Lab      | Killed a minotaur
 20268 | Lab      | Reached XP level 13. HP: 136/136 MP: 20/20
 20498 | Lair:2   | Identified a +3 rod of inaccuracy (12/12) (You found it in a labyrinth)
 20875 | Lair:4   | Reached skill level 19 in Maces & Flails
 21220 | Lair:4   | Received a gift from Okawaru
 21580 | Lair:4   | Reached skill level 20 in Maces & Flails
 22402 | Lair:5   | Found a staircase to the Swamp.
 22724 | Lair:5   | Reached skill level 21 in Maces & Flails
 23138 | Lair:6   | Identified a scroll of acquirement
 23200 | Lair:6   | Received a gift from Okawaru
 23208 | Lair:6   | Got a pitted hat {god gift}
 23354 | Lair:6   | Identified the +0 hat of Throf {rF+ rCorr MP+9 Int+4} (Okawaru gifted it to you on level 6 of the Lair of Beasts)
 23550 | Lair:6   | Found a staircase to the Snake Pit.
 23863 | Lair:6   | Reached skill level 22 in Maces & Flails
 24240 | Lair:7   | Found a staircase to the Slime Pits.
 24241 | Lair:7   | Found a viscous altar of Jiyva.
 24300 | Lair:7   | Reached skill level 23 in Maces & Flails
 26053 | D:9      | Reached XP level 14. HP: 105/146 MP: 21/21
 26089 | Orc:1    | Entered Level 1 of the Orcish Mines
 26921 | Orc:2    | Found a dark tunnel.
 27005 | Volcano  | Entered a volcano
 27031 | Volcano  | Received a gift from Okawaru
 27194 | Volcano  | Found a bloodstained altar of Trog.
 27271 | Volcano  | Found a burning altar of Makhleb.
 27550 | Lair:2   | Learned a level 1 spell: Apportation
 27930 | Orc:2    | Reached skill level 10 in Throwing
 28022 | Orc:2    | Received a gift from Okawaru
 28268 | Orc:2    | Found an iron altar of Okawaru.
 28365 | Orc:2    | Found a roughly hewn altar of Beogh.
 30153 | Orc:4    | Entered Level 4 of the Orcish Mines
 30262 | Orc:4    | Noticed Ngotmuk's ghost (powerful HuFi)
 30268 | Orc:4    | Killed Ngotmuk's ghost
 32066 | Orc:4    | Found Qyakk's Antique Weapon Boutique.
 32066 | Orc:4    | Found Leacvibi's Assorted Antiques.
 32356 | Orc:4    | Found a staircase to the Elven Halls.
 32698 | Orc:4    | Found Shecush's Jewellery Emporium.
 32700 | Orc:4    | Found Kexzaaw's Assorted Antiques.
 32705 | Orc:4    | Bought 3 green potions for 70 gold pieces
 32705 | Orc:4    | Bought an encrusted marble ring for 130 gold pieces
 33608 | D:12     | Noticed Nessos
 33623 | D:12     | Killed Nessos
 33629 | D:12     | Noticed Maurice
 33632 | D:12     | Killed Maurice
 33777 | D:12     | Got a shimmering robe
 33876 | D:12     | Reached skill level 10 in Dodging
 34133 | D:11     | Identified the +1 robe of the Kangaroo {rC+ Regen+ Str-2 Int+3} (You found it on level 12 of the Dungeon)
 34594 | Lair:8   | Entered Level 8 of the Lair of Beasts
 35059 | Lair:8   | Received a gift from Okawaru
 35070 | Lair:8   | HP: 2/150 [spiny frog (8)]
 35071 | Lair:8   | Slain by a wolf

Action                   |  1- 3 |  4- 6 |  7- 9 | 10-12 | 13-15 || total
-------------------------+-------+-------+-------+-------+-------++-------
Melee: Mace              |    87 |    19 |       |       |       ||   106
       Flail             |       |   130 |   234 |   685 |   956 ||  2005
       Hammer            |       |       |   132 |    72 |       ||   204
       Whip              |       |       |       |       |    18 ||    18
 Fire: Blowgun           |       |       |       |    12 |     4 ||    16
Throw: Stone             |     4 |    11 |     3 |    19 |   512 ||   549
       Tomahawk          |       |    40 |    54 |    61 |   201 ||   356
       Javelin           |       |     1 |    29 |   143 |   174 ||   347
       Large rock        |       |       |     8 |     3 |    34 ||    45
       Throwing net      |       |       |       |       |     1 ||     1
 Cast: Infusion          |    17 |    16 |    39 |    35 |    10 ||   117
       Shroud of Golubri |       |       |     1 |     2 |     3 ||     6
       Song of Slaying   |       |       |       |       |     5 ||     5
       Regeneration      |       |       |       |       |     2 ||     2
Invok: Heroism           |       |       |       |     5 |     1 ||     6
       Finesse           |       |       |       |       |     1 ||     1
Evoke: Wand              |       |       |       |     4 |    24 ||    28
       Rod               |       |       |       |       |     2 ||     2
  Use: Scroll            |       |     8 |     9 |    13 |    16 ||    46
       Potion            |       |     1 |     4 |     2 |     4 ||    11
 Stab: Sleeping          |     1 |       |     1 |       |       ||     2
       Invisible         |       |       |       |       |     3 ||     3
       Distracted        |       |       |       |       |     1 ||     1
  Eat: Chunk             |     2 |     5 |    17 |    38 |    48 ||   110
       Beef jerky        |       |     1 |       |       |       ||     1
       Bread ration      |       |     1 |       |       |       ||     1
